 Dungeon Crawl Stone Soup version 0.31.0 (webtiles) character file.

Game seed: 10970266818404559818

46572 Sweeb the Severer (level 14, -3/130 HPs)
             Began as a Hill Orc Fighter on Jan 18, 2024.
             Was the Champion of Uskayaw.
             Shot with a bolt by a kobold blastminer (13 damage)
             ... on level 1 of the Orcish Mines on Jan 19, 2024.
             The game lasted 00:41:11 (14036 turns).

Sweeb the Severer (Hill Orc Fighter)               Turns: 14036, Time: 00:41:11

Health: -3/130     AC: 19    Str: 24    XL:     14   Next: 38%
Magic:  23/23      EV:  7    Int:  9    God:    Uskayaw [******]
Gold:   1406       SH:  0    Dex: 24    Spells: 13/13 levels left

rFire   + . .        d - +5 executioner's axe (vamp)
rCold   + + .        (shield currently unavailable)
rNeg    + + .        w - +1 plate armour
rPois   .            u - +2 hat {Int+3}
rElec   +            s - scarf "Itachidgh" {rC+ rF+, rN+ Will+}
rCorr   .            k - +0 pair of fencer's gloves {Riposte Dex+3}
SInv    +            (no boots)
Will    ++...        h - amulet of regeneration Stlth
                     M - ring "Nixis" {rC+ rN+ Slay+3}
HPRegen 1.21/turn    O - ring "Husizox" {+Blink rElec Str-3 Dex+8 SInv}
MPRegen 0.18/turn

%: no passive effects
@: no status effects
A: agile 1, strong 1
a: Renounce Religion, Evoke Blink, Stomp, Line Pass, Grand Finale


You were on level 1 of the Orcish Mines.
You worshipped Uskayaw.
Uskayaw was pleased with you.
You visited 3 branches of the dungeon, and saw 19 of its levels.
You also visited: Gauntlet.

You collected 1406 gold pieces.

Inventory:

Hand Weapons
 d - a +5 vampiric executioner's axe (weapon)
 l - a +4 scimitar of flaming
Armour
 k - the +0 pair of fencer's gloves (worn) {Riposte Dex+3}
   (You found it in a Gauntlet)

   Riposte:   It allows the wearer to riposte with melee weapons, swiftly
   retaliating against missed or blocked melee attacks.
   Dex+3:     It affects your dexterity (+3).
 s - the scarf "Itachidgh" (worn) {rC+ rF+, rN+ Will+}
   (You acquired it on level 11 of the Dungeon)

   rN+:       It protects you from negative energy.
   Will+:     It increases your willpower.
 u - a +2 hat of intelligence (worn)
 w - a +1 plate armour (worn)
Jewellery
 a - a ring of protection from cold
 h - an amulet of regeneration (around neck)
 i - a ring of protection from fire
 o - a ring of magical power
 y - a +5 ring of evasion
 B - a +6 ring of dexterity
 F - a ring of willpower
 H - a ring of positive energy
 J - an amulet of reflection
 M - the ring "Nixis" (left hand) {rC+ rN+ Slay+3}
   (You found it in a Gauntlet)

   [ring of protection from cold]

   Slay+3:    It affects your accuracy & damage with ranged weapons and melee
   (+3).
   rC+:       It protects you from cold.
   rN+:       It protects you from negative energy.
 O - the ring "Husizox" (right hand) {+Blink rElec Str-3 Dex+8 SInv}
   (You found it on level 8 of the Dungeon)

   [ring of see invisible]

   Str-3:     It affects your strength (-3).
   Dex+8:     It affects your dexterity (+8).
   rElec:     It insulates you from electricity.
   SInv:      It lets you see invisible.
   +Blink:    It lets you blink.
 R - the ring of Dithmenos's Anger {Will+ Int+3}
   (You found it in a Gauntlet)

   [ring of willpower]

   Int+3:     It affects your intelligence (+3).
   Will+:     It increases your willpower.
Talismans
 v - a talisman of death
Wands
 j - a wand of acid (9) (quivered)
 z - a wand of mindburst (20)
 V - a wand of digging (16)
 W - a wand of roots (13)
Scrolls
 g - 3 scrolls of vulnerability
 n - 6 scrolls of teleportation
 p - 2 scrolls of fear
 q - 2 scrolls of fog
 x - a scroll of butterflies
 D - a scroll of revelation
 K - 3 scrolls of enchant armour
 P - 4 scrolls of noise
 U - 2 scrolls of amnesia
Potions
 e - 2 potions of magic {unknown}
 m - 9 potions of curing
 r - 2 potions of enlightenment
 t - 3 potions of mutation
 C - a potion of cancellation
 L - a potion of haste
 S - 2 potions of brilliance {unknown}
 T - 3 potions of lignification {unknown}
 Y - 2 potions of attraction
Miscellaneous
 b - a phial of floods
 X - a phantom mirror


   Skills:
 + Level 13.8 Fighting
 * Level 20.2 Axes
 + Level 11.6 Armour
 - Level 8.6 Shields
 + Level 12.1 Invocations


You had 13 spell levels left.
You didn't know any spells.
Your spell library contained the following spells:

 Spells                   Type           Power      Damage    Failure   Level
 Apportation              Tloc           0%         N/A       99%         1
 Freeze                   Ice            0%         1d3       99%         1
 Necrotise                Necr           0%         1d4       99%         1
 Sandblast                Erth           0%         2d4       99%         1
 Slow                     Hex            0%         N/A       99%         1
 Sting                    Conj/Alch      0%         1d3       99%         1
 Summon Small Mammal      Summ           0%         N/A       99%         1
 Jinxbite                 Hex            0%         N/A       99%         2
 Confusing Touch          Hex            0%         N/A       100%        3
 Dazzling Flash           Conj/Hex       0%         N/A       100%        3
 Frozen Ramparts          Ice            0%         1d1       100%        3
 Hailstorm                Conj/Ice       0%         3d5       100%        3
 Mephitic Cloud           Conj/Alch/Air  0%         N/A       100%        3
 Passwall                 Erth           0%         N/A       100%        3
 Sigil of Binding         Hex            0%         N/A       100%        3
 Stone Arrow              Conj/Erth      0%         3d7       100%        3
 Vampiric Draining        Necr           0%         2d6       100%        3
 Animate Armour           Summ/Erth      0%         N/A       100%        4
 Animate Dead             Necr           0%         N/A       100%        4
 Brom's Barrelling Bould  Conj/Erth      0%         2d3       100%        4
 Leda's Liquefaction      Alch/Erth      0%         N/A       100%        4
 Passage of Golubria      Tloc           0%         N/A       100%        4
 Summon Lightning Spire   Summ/Air       0%         N/A       100%        4
 Curse of Agony           Necr           0%         N/A       100%        5
 Lee's Rapid Deconstruct  Erth           0%         3d4*      100%        5
 Silence                  Hex/Air        0%         N/A       100%        5
 Summon Forest            Summ/Tloc      0%         N/A       100%        5
 Summon Mana Viper        Hex/Summ       0%         N/A       100%        5
 Yara's Violent Unravell  Hex/Alch       0%         3d3       100%        5
 Bombard                  Conj/Erth      0%         9d1       100%        6
 Summon Cactus Giant      Summ           0%         N/A       100%        6
 Enfeeble                 Hex            0%         N/A       100%        7
 Haunt                    Necr/Summ      0%         N/A       100%        7
 Infestation              Necr           0%         N/A       100%        8
 Lehudib's Crystal Spear  Conj/Erth      0%         10d2      100%        8


Dungeon Overview and Level Annotations

Branches:
Dungeon (14/15)            Temple (0/1) D:5            Lair (4/5) D:11
  Swamp (0/4) Lair:2       Spider (0/4) Lair:2          Orc (1/2) D:11
 Vaults (0/5) D:13        Gauntlet (visited)
  Slime: Lair:4-5

Altars:
Ashenzari
Cheibriados
Elyvilon
Gozag
Makhleb
Nemelex Xobeh
Qazlal
Trog
Uskayaw
Yredelemnul
The Shining One
Beogh

Shops:
D:5 [   D:10 [   D:11 [!

Annotations:
D:4 2 runed translucent doors, rozman's ghost, amateur DsBe
D:10 3 runed translucent doors, VoidStrider's ghost, novice TeAE
Lair:3 exclusion: 2 oklob plants


Innate Abilities, Weirdness & Mutations

You are agile. (Dex +4, Str/Int -1)
Your muscles are strong. (Str +4, Int/Dex -1)


Message History

The kobold blastminer is lightly wounded.
You hit the orc warrior.
You feel better.
You hit the orc knight.
You feel better.
You barely miss the orc warrior. You slash the warg!
You feel better. The warg bites you.
The kobold blastminer blasts its cannon at you.
The iron shot hits you!
The kobold blastminer is knocked back by the blast.
The warg bites you!
* * * LOW HITPOINT WARNING * * *
The orc warrior hits you but does no damage.
The orc knight hits you but does no damage.
You slash the orc knight!
You feel better.
The orc knight is severely wounded.
You slash the orc warrior!
You feel better.
You closely miss the orc warrior. You slash the warg!
You kill the warg!
The orc knight hits you with a +0 great sword!
The orc warrior hits you but does no damage.
The orc warrior hits you with a +0 short sword!
* * * LOW HITPOINT WARNING * * *
You barely miss the orc warrior.
The orc warrior is lightly wounded.
You barely miss the orc knight. You hit the orc warrior.
You feel better.
You kill the orc warrior!
Unknown command.
You barely miss the orc warrior.
The orc warrior is lightly wounded.
You slice the kobold blastminer!! You closely miss the orc knight.
The orc warrior barely misses you.
The orc knight hits you with a +0 great sword!!
* * * LOW HITPOINT WARNING * * *
The kobold blastminer hits you!
* * * LOW HITPOINT WARNING * * *
Okay, then.
Blink to where?
Press: ? - help, Dir - move target
As you read the scroll of blinking, it crumbles to dust.
The kobold blastminer wields a +0 arbalest.
The kobold blastminer shoots a bolt.
The bolt hits you!
You die...

*### *** * *#..##
**,**** *....###....*,
##...........,,
##............*,
###......>.....,,,
##............#,,,,
#.@)..###...#.#..,,
##.#)#..$))....#.,,
##.#.$.)o..o....,,
##)###..K$o....#.,,
####.#)#............,,
#...#)..............,*
#...#...............,,
#.).#...............,,
##'##.....#.#.......,,


You could see a kobold blastminer and an orc warrior (strong).

Vanquished Creatures
  Jorgrun (Orc:1)
  Gastronok (Lair:2)
  An ironbound preserver (D:13)
  A minotaur (Gauntlet)
  Fannar (Orc:1)
  A rakshasa (D:14)
  Erolcha (Orc:1)
  2 boulder beetles (D:12)
  A two-headed ogre (D:13)
  4 centaur warriors
  A tengu warrior (D:14)
  A thrashing horror (Gauntlet)
  A wretched star (Gauntlet)
  4 skeletal warriors (D:13)
  An arcanist (D:14)
  A deep elf pyromancer (D:13)
  2 orc knights
  A cyclops (D:9)
  9 ugly things (D:14)
  A kobold blastminer (Orc:1)
  A black mamba (Lair:2)
  12 elephants
  7 cane toads
  2 gargoyles
  An unseen horror (shapeshifter) (D:13)
  An efreet (D:13)
  An unseen horror (D:13)
  2 freezing wraiths (D:14)
  3 komodo dragons
  2 rime drakes
  2 polar bears (Lair:2)
  12 blink frogs
  3 vampires
  2 shadows
  2 spriggans (Lair:2)
  6 wyverns
  14 yaks
  4 wraiths
  3 vampire mosquitoes
  A basilisk (Lair:3)
  3 wargs (Orc:1)
  2 steam dragons
  Eustachio (D:5)
  2 neqoxecs (Gauntlet)
  9 water moccasins
  3 acid dragons
  An ice beast (D:7)
  8 orc warriors
  A laughing skull (D:13)
  3 black bears
  6 wolves
  3 sky beasts
  7 ogres
  3 small abominations (Gauntlet)
  5 centaurs
  2 phantoms (D:6)
  3 kobold brigands
  11 bullfrogs
  2 scorpions
  18 wights
  11 killer bees
  An electric eel (Lair:2)
  3 howler monkeys (D:12)
  4 bombardier beetles
  2 jellies
  11 orc priests
  2 hounds (D:6)
  2 sleepcaps
  19 orc wizards
  A boggart simulacrum (D:11)
  4 gnolls (D:5)
  14 adders
  2 white imps (D:6)
  5 dart slugs
  73 orcs
  4 bats
  10 endoplasms
  2 giant cockroaches
  5 hobgoblins
  5 jackals (D:1)
  2 quokkas
  7 ball pythons
  3 frilled lizards
  3 goblins
  19 kobolds
  5 rats
429 creatures vanquished.

Notes
Turn   | Place    | Note
-------+----------+-------------------------------------------
     0 | D:1      | Sweeb the Hill Orc Fighter began the quest for the Orb.
     0 | D:1      | Reached XP level 1. HP: 19/19 MP: 1/1
   144 | D:1      | Reached skill level 3 in Axes
   213 | D:1      | Reached XP level 2. HP: 27/27 MP: 2/2
   560 | D:1      | Reached XP level 3. HP: 24/33 MP: 3/3
   783 | D:2      | Reached skill level 4 in Axes
   826 | D:2      | Reached XP level 4. HP: 40/40 MP: 4/4
  1729 | D:3      | Found a bloodstained altar of Trog.
  1735 | D:3      | Found a snail-covered altar of Cheibriados.
  1741 | D:3      | Found an opulent altar of Gozag.
  1862 | D:3      | Reached skill level 5 in Axes
  1862 | D:3      | Reached XP level 5. HP: 29/47 MP: 5/5
  2390 | D:4      | Reached skill level 5 in Fighting
  2405 | D:4      | Reached skill level 6 in Axes
  2405 | D:4      | Reached XP level 6. HP: 29/56 MP: 6/6
  2751 | D:4      | Found a large runed translucent door.
  2751 | D:4      | Found a large runed translucent door.
  2753 | D:4      | Noticed rozman's ghost (amateur DsBe)
  3178 | D:5      | Entered Level 5 of the Dungeon
  3178 | D:5      | Noticed a water moccasin
  3189 | D:5      | Killed a water moccasin
  3190 | D:5      | Reached skill level 7 in Axes
  3190 | D:5      | Reached skill level 5 in Armour
  3190 | D:5      | Reached XP level 7. HP: 24/61 MP: 7/7
  3240 | D:5      | Found a staircase to the Ecumenical Temple.
  3399 | D:5      | Found a broken altar of Ashenzari.
  3457 | D:5      | Found a glowing golden altar of the Shining One.
  3628 | D:5      | Found Bekhiupy's Antique Armour Shop.
  3705 | D:5      | Reached skill level 8 in Axes
  3803 | D:5      | Noticed Eustachio
  3819 | D:5      | Killed Eustachio
  3820 | D:5      | Reached XP level 8. HP: 43/71 MP: 8/8
  4044 | D:6      | Reached skill level 9 in Axes
  4153 | D:6      | Reached skill level 10 in Axes
  4212 | D:6      | Reached XP level 9. HP: 69/80 MP: 9/9
  4474 | D:7      | Reached skill level 11 in Axes
  4634 | D:7      | Found a hide-covered altar of Uskayaw.
  4679 | D:7      | Became a worshipper of Uskayaw the Reveller
  4795 | D:7      | Reached * piety under Uskayaw
  4796 | D:7      | Reached ** piety under Uskayaw
  4847 | D:7      | Reached skill level 12 in Axes
  4849 | D:7      | Reached *** piety under Uskayaw
  4850 | D:7      | Reached skill level 1 in Invocations
  4851 | D:7      | Reached **** piety under Uskayaw
  4916 | D:7      | Found a sparkling altar of Nemelex Xobeh.
  5341 | D:8      | Identified the ring "Husizox" {+Blink rElec Str-3 Dex+8
                  | SInv}
  5423 | D:8      | Found a basalt altar of Yredelemnul.
  5477 | D:8      | Reached XP level 10. HP: 90/90 MP: 11/11
  5511 | D:8      | Reached skill level 5 in Shields
  5717 | D:8      | Found a white marble altar of Elyvilon.
  5820 | D:8      | Reached skill level 13 in Axes
  6186 | D:9      | Noticed a cyclops
  6211 | D:9      | Killed a cyclops
  6211 | D:9      | Reached ***** piety under Uskayaw
  6690 | D:10     | Entered Level 10 of the Dungeon
  6758 | D:10     | Found a stormy altar of Qazlal.
  6796 | D:10     | Reached skill level 14 in Axes
  6796 | D:10     | Reached skill level 5 in Invocations
  6820 | D:10     | Noticed a gargoyle
  6834 | D:10     | Killed a gargoyle
  6835 | D:10     | Reached XP level 11. HP: 92/99 MP: 14/14
  6951 | D:10     | Found a runed translucent gate.
  6952 | D:10     | Found a runed translucent gate.
  6953 | D:10     | Noticed VoidStrider's ghost (novice TeAE)
  6953 | D:10     | Identified the +5 plate armour "Tasot" {rN+ Dex+4 Slay-6
                  | Stlth+}
  6968 | D:10     | Found a runed translucent gate.
  7043 | D:10     | Found a burning altar of Makhleb.
  7159 | D:10     | Found Muofometa's Superior Scales.
  7283 | D:10     | Found a roughly hewn altar of Beogh.
  7379 | D:11     | Found Sicsys's Distillery.
  7459 | D:11     | Gained mutation: Your body sometimes deteriorates upon
                  | taking damage. [potion of mutation]
  7459 | D:11     | Gained mutation: Your muscles are strong. (Str +4, Int/Dex
                  | -1) [potion of mutation]
  7459 | D:11     | Gained mutation: Your health recovers twice as slowly from
                  | being drained. [potion of mutation]
  7460 | D:11     | Lost mutation: Your body sometimes deteriorates upon taking
                  | damage. [potion of mutation]
  7460 | D:11     | Lost mutation: Your health recovers twice as slowly from
                  | being drained. [potion of mutation]
  7460 | D:11     | Lost mutation: Your muscles are strong. (Str +4, Int/Dex
                  | -1) [potion of mutation]
  7460 | D:11     | Gained mutation: You have a pair of small horns on your
                  | head. [potion of mutation]
  7568 | D:11     | Reached skill level 10 in Fighting
  7606 | D:11     | Found a staircase to the Lair.
  7675 | D:11     | Found Toonle's Armour Shoppe.
  7675 | D:11     | Found a staircase to the Orcish Mines.
  8280 | D:12     | Noticed a boulder beetle
  8298 | D:12     | Killed a boulder beetle
  8316 | D:12     | Found a gate leading to a gauntlet.
  8326 | Gauntlet | Entered a Gauntlet
  8326 | Gauntlet | Noticed a death scarab
  8326 | Gauntlet | Found a transporter.
  8332 | Gauntlet | Noticed a quicksilver ooze
  8335 | Gauntlet | Found a transporter.
  8335 | Gauntlet | Noticed a wretched star
  8336 | Gauntlet | Found a transporter.
  8340 | Gauntlet | Found a transporter.
  8343 | Gauntlet | Found a transporter.
  8343 | Gauntlet | Found a transporter.
  8345 | Gauntlet | Noticed a thrashing horror
  8351 | Gauntlet | Found a transporter.
  8353 | Gauntlet | Found a transporter.
  8354 | Gauntlet | Noticed an obsidian statue
  8367 | Gauntlet | Noticed a catoblepas
  8377 | Gauntlet | Noticed a death scarab
  8387 | Gauntlet | Found a transporter.
  8387 | Gauntlet | Found a transporter.
  8390 | Gauntlet | Found a transporter.
  8426 | Gauntlet | Reached skill level 15 in Axes
  8443 | Gauntlet | Killed a wretched star
  8450 | Gauntlet | Identified the ring "Nixis" {rC+ rN+ Slay+3}
  8494 | Gauntlet | Identified the ring of Dithmenos's Anger {Will+ Int+3}
  8501 | Gauntlet | Killed a thrashing horror
  8546 | Gauntlet | Found the +0 pair of fencer's gloves {Riposte Dex+3}
  8546 | Gauntlet | Noticed a minotaur
  8552 | Gauntlet | Killed a minotaur
  8686 | Lair:1   | Entered Level 1 of the Lair of Beasts
  8883 | Lair:1   | Reached XP level 12. HP: 105/108 MP: 17/17
  8885 | Lair:1   | Reached skill level 16 in Axes
  9426 | Lair:2   | Lost mutation: You have a pair of small horns on your head.
                  | [potion of mutation]
  9426 | Lair:2   | Gained mutation: You are agile. (Dex +4, Str/Int -1)
                  | [potion of mutation]
  9426 | Lair:2   | Gained mutation: Your muscles are strong. (Str +4, Int/Dex
                  | -1) [potion of mutation]
  9454 | Lair:2   | Found a hole to the Spider Nest.
 10132 | Lair:2   | Found a staircase to the Swamp.
 10154 | Lair:2   | Reached skill level 17 in Axes
 10292 | Lair:2   | Noticed Gastronok
 10305 | Lair:2   | Killed Gastronok
 10905 | Lair:3   | Reached XP level 13. HP: 118/118 MP: 20/20
 10934 | Lair:3   | Reached skill level 10 in Armour
 10938 | Lair:3   | Reached ****** piety under Uskayaw
 10939 | Lair:3   | Reached skill level 18 in Axes
 10991 | Lair:3   | Reached skill level 10 in Invocations
 11614 | D:13     | HP: 4/119 [skeletal warrior/+0 halberd (19)]
 11748 | D:14     | Found an opulent altar of Gozag.
 11831 | D:14     | Noticed a rakshasa
 11842 | D:14     | Killed a rakshasa
 12180 | D:14     | Reached skill level 19 in Axes
 12741 | D:12     | Reached XP level 14. HP: 129/129 MP: 22/22
 13129 | D:12     | Upgraded the game from 0.31-b1-22-gc680215f68 to 0.31.0
 13437 | D:13     | Found a gate to the Vaults.
 13441 | D:13     | Noticed an ironbound preserver
 13452 | D:13     | Killed an ironbound preserver
 13579 | Orc:1    | Entered Level 1 of the Orcish Mines
 13579 | Orc:1    | Noticed Erolcha
 13587 | Orc:1    | Killed Erolcha
 13628 | D:11     | Identified a scroll of acquirement
 13628 | D:11     | Acquired the scarf "Itachidgh" {rC+ rF+, rN+ Will+}
 13683 | Orc:1    | Noticed Jorgrun
 13695 | Orc:1    | Killed Jorgrun
 13696 | Orc:1    | Reached skill level 20 in Axes
 13988 | Orc:1    | Noticed Fannar
 14012 | Orc:1    | Killed Fannar
 14036 | Orc:1    | Shot with a bolt by a kobold blastminer

Illustrated notes

Levels and vault maps discovered:
D:1:      minmay_arrival_five_plusses, layout_loops_ring,
          chequers_serial_rivers_small_3, st_stairs_12, minivault_5
D:2:      layout_basic
D:3:      layout_basic, grunt_temple_overflow_diamond
D:4:      layout_cave_pools, ebering_ghost_disaster_area, minivault_14,
          kennysheep_cross_bottleneck, hangedman_abyss_or_decor_lesser_grid,
          grunt_ministairs_7, mrwooster_statue_mirror,
          hangedman_abyss_or_decor_stagger
D:5:      layout_loops_cross, mainiacjoe_overflow_alcove_4, tso_altar,
          temple_pool_b, serial_shops, shop_statue, uniq_eustachio
D:6:      layout_rooms, grunt_ministairs_7
D:7:      layout_basic, nemelex_xobeh_ov_fountains_minmay,
          nicolae_uskayaw_dance_studio
D:8:      layout_loops_cross, kennysheep_ying_yang
D:9:      layout_roguey, minmay_unpleasant_kobolds
D:10:     layout_loops_cross, lemuel_round_altar,
          mainiacjoe_overflow_small_starburst, biasface_ghost_orc_armoury,
          hellmonk_scale_shop
D:11:     nicolae_hitomezashi [nicolae_hito_row, nicolae_hito_row,
          nicolae_hito_row, nicolae_hito_row, nicolae_hito_row,
          nicolae_hito_row, nicolae_hito_row, nicolae_hito_row,
          nicolae_hito_row, nicolae_hito_row, nicolae_hito_row,
          nicolae_hito_row, nicolae_hito_row, nicolae_hito_row,
          nicolae_hito_row, nicolae_hito_row, nicolae_hito_row,
          nicolae_hito_row], layout_stronghold, orc_david_3, serial_shops,
          nicolae_shop_window_shopping
D:12:     layout_irregular_city, gauntlet_entry_generic
D:13:     layout_basic, skrybe_vaults_entry_preservation
D:14:     layout_roguey, grunt_gozag_breadcrumbs
Lair:1:   layout_long_grid, infiniplex_staircase_pool_2, lemuel_fruit_fields
Lair:2:   layout_cave_shapes, swamp_mist_pool, dummy_spider_entry,
          forest_entry_grove, uniq_gastronok
Lair:3:   layout_cave_pods, dpeg_oklob_1, grunt_megastairs_4
Lair:4:   layout_gridlike, minivault_25, cheibrodos_lair_reptile_den,
          grunt_megastairs_5
Orc:1:    layout_caves, minmay_orc_barracks, uniq_erolcha, uniq_fannar,
          uniq_jorgrun

Skill      XL: |  1  2  3  4  5  6  7  8  9 10 11 12 13 14 |
---------------+-------------------------------------------+-----
Axes           | 3 4 5 6 7 8 10 12 14 15 17 19 20 | 20.2
Fighting       | 4 5 6 7 8 9 10 12 13 | 13.8
Armour         | 4 5 6 7 8 9 11 | 11.6
Invocations    | 2 5 7 9 11 12 | 12.1
Shields        | 4 7 8 |  8.6

Action                     |  1- 3 |  4- 6 |  7- 9 | 10-12 | 13-15 || total
---------------------------+-------+-------+-------+-------+-------++-------
  Melee: War axe           |    96 |   144 |   234 |   253 |       ||   727
         Headbutt          |       |       |       |    42 |       ||    42
         Executioner's axe |       |       |       |   138 |   281 ||   419
  Evoke: Wand              |       |       |       |       |     1 ||     1
    Use: Potion            |       |     2 |       |     9 |     3 ||    14
         Scroll            |       |       |    12 |     7 |    13 ||    32
   Stab: Paralysed         |       |       |     3 |    41 |    32 ||    76
         Invisible         |       |       |       |     2 |       ||     2
 Armour: Scale mail        |    76 |    84 |       |       |       ||   160
         Plate armour      |       |    50 |   188 |   322 |   382 ||   942
  Dodge: Dodged            |    53 |    53 |   101 |   127 |    82 ||   416
  Block: Buckler           |    21 |    30 |    46 |    47 |       ||   144
Riposte: Executioner's axe |       |       |       |    10 |    16 ||    26
